[ AOE2 MATCH · #505502314 ]
UnrankedGeorgians vs Armenians
Player's team · LOSS
Rival team · WIN
[ REPLAY ANALYSIS · EXTRACTED FROM THE RECORDED GAME ]
Feudal
8:41
Castle
28:09
Imperial
—
| APM avg | 34.9 |
| APM peak | 94 |
| eAPM avg | 17.5 |
| Villagers / military | 42 / 17 |
Focus
⚔️ 32.8% · 🌾 67.2%
Scout Cavalry ×10 · Monaspa ×5 · Archer ×1 · Battering Ram ×1
Feudal
10:48
Castle
29:22
Imperial
—
| APM avg | 49.1 |
| APM peak | 86 |
| eAPM avg | 23.6 |
| Villagers / military | 63 / 51 |
Focus
⚔️ 24.9% · 🌾 75.1%
Militia ×45 · Battering Ram ×4 · Spearman ×2
Match map
Initial resources + every placement click. Lines = walls · curves = elevation contours. ◆ gold · ⬟ stone · ● berries · ✦ relic · ◌ wall gap
Your base· ✓ Closed at 28:09 · 29t walls · 1 gate(s)
Branči's base· Open — 6t gap
Smoothed initial terrain · ◌ = detected wall gap · hover for details
Inputs per minute
— ELEG VACASADA - - Branči
Build order — ELEG VACASADA
146 actions detected in the replay
| 0:00 | Queue | Villager (Male) |
| 0:00 | Queue | Villager (Male) |
| 0:01 | Queue | Villager (Male) |
| 0:02 | Build | House |
| 0:04 | Build | House |
| 0:26 | Queue | Villager (Male) |
| 1:36 | Queue | Villager (Male) |
| 2:09 | Queue | Villager (Male) |
| 2:10 | Queue | Villager (Male) |
| 2:43 | Queue | Villager (Male) |
| 3:06 | Queue | Villager (Male) |
| 3:25 | Queue | Villager (Male) |
| 3:55 | Build | House |
| 4:08 | Queue | Villager (Male) |
| 4:25 | Queue | Villager (Male) |
| 4:42 | Queue | Villager (Male) |
| 4:58 | Queue | Villager (Male) |
| 5:10 | Research | Loom |
| 5:31 | Build | Mill |
| 5:42 | Queue | Villager (Male) |
| 6:31 | Research | Feudal Age |
| 7:30 | Build | House |
| 7:40 | Build | House |
| 7:59 | Build | Barracks |
| 8:32 | Queue | Villager (Male) |
| 8:33 | Queue | Villager (Male) |
| 8:41 | Age | Feudal Age |
| 8:59 | Build | Stable |
| 9:04 | Queue | Villager (Male) |
| 9:07 | Research | Double-Bit Axe |
| 9:24 | Build | House |
| 9:32 | Queue | Villager (Male) |
| 9:40 | Build | House |
| 9:42 | Queue | Scout Cavalry |
| 10:05 | Build | Mule Cart |
| 10:09 | Queue | Scout Cavalry |
| 10:14 | Build | Farm |
| 10:29 | Build | House |
| 10:36 | Build | Palisade Wall |
| 10:51 | Queue | Villager (Male) |
| 11:15 | Build | Palisade Gate |
| 11:19 | Queue | Villager (Male) |
| 11:21 | Build | Farm |
| 11:43 | Queue | Villager (Male) |
| 12:24 | Build | House |
| 12:35 | Build | House |
| 12:38 | Build | House |
| 12:44 | Queue | Scout Cavalry |
| 12:54 | Research | Bloodlines |
| 13:01 | Build | Watch Tower |
| 13:10 | Build | Palisade Wall |
| 13:35 | Queue | Scout Cavalry |
| 13:38 | Research | Bloodlines |
| 13:55 | Queue | Villager (Male) |
| 14:05 | Queue | Scout Cavalry |
| 14:21 | Queue | Villager (Male) |
| 14:50 | Build | Farm |
| 15:02 | Build | Blacksmith |
| 15:09 | Queue | Scout Cavalry |
| 15:15 | Queue | Scout Cavalry |
| 15:22 | Queue | Villager (Male) |
| 15:54 | Queue | Scout Cavalry |
| 16:32 | Build | Farm |
| 16:34 | Build | Farm |
| 16:38 | Build | Farm |
| 17:09 | Research | Fletching |
| 17:21 | Build | Farm |
| 17:29 | Queue | Villager (Male) |
| 17:32 | Build | Farm |
| 17:39 | Build | Farm |
| 17:41 | Build | Farm |
| 17:45 | Build | Farm |
| 17:48 | Build | Farm |
| 17:57 | Build | Palisade Wall |
| 17:58 | Build | Palisade Wall |
| 18:04 | Queue | Villager (Male) |
| 18:26 | Queue | Villager (Male) |
| 18:33 | Build | Farm |
| 18:44 | Queue | Villager (Male) |
| 19:13 | Queue | Villager (Male) |
| 19:19 | Queue | Scout Cavalry |
| 19:22 | Queue | Villager (Male) |
| 19:30 | Build | Stone Wall |
| 20:22 | Build | Archery Range |
| 20:35 | Build | House |
| 20:52 | Build | House |
| 20:56 | Build | Palisade Wall |
| 21:03 | Build | Palisade Wall |
| 21:08 | Build | House |
| 21:41 | Build | House |
| 21:42 | Build | House |
| 21:48 | Build | House |
| 21:49 | Build | House |
| 21:58 | Queue | Villager (Male) |
| 22:37 | Build | House |
| 22:48 | Queue | Villager (Male) |
| 23:11 | Queue | Villager (Male) |
| 23:33 | Queue | Villager (Male) |
| 23:41 | Build | Watch Tower |
| 23:55 | Build | Palisade Wall |
| 23:58 | Build | Palisade Wall |
| 24:00 | Build | Palisade Wall |
| 24:01 | Build | Palisade Wall |
| 24:30 | Build | Watch Tower |
| 24:43 | Build | Market |
| 24:46 | Queue | Villager (Male) |
| 25:29 | Research | Castle Age |
| 25:51 | Build | Farm |
| 26:48 | Queue | Scout Cavalry |
| 26:53 | Build | Farm |
| 27:10 | Build | Farm |
| 27:30 | Build | Farm |
| 28:05 | Build | Watch Tower |
| 28:09 | Age | Castle Age |
| 28:11 | Build | House |
| 28:20 | Build | Stone Wall |
| 29:20 | Queue | Archer |
| 29:29 | Build | Castle |
| 29:43 | Queue | Villager (Male) |
| 30:21 | Queue | Villager (Male) |
| 30:24 | Build | Farm |
| 31:10 | Build | Castle |
| 31:55 | Build | Palisade Wall |
| 31:57 | Build | Palisade Wall |
| 31:58 | Build | Palisade Wall |
| 32:01 | Build | Palisade Wall |
| 32:03 | Build | Palisade Wall |
| 32:05 | Build | Palisade Wall |
| 32:07 | Build | Palisade Wall |
| 32:14 | Build | Palisade Wall |
| 32:36 | Build | Farm |
| 33:06 | Build | Stone Wall |
| 33:11 | Build | Mule Cart |
| 33:32 | Build | Mule Cart |
| 33:43 | Build | Siege Workshop |
| 33:47 | Queue | Villager (Male) |
| 33:49 | Queue | Villager (Male) |
| 33:50 | Queue | Villager (Male) |
| 34:44 | Build | Watch Tower |
| 34:53 | Queue | Battering Ram |
| 35:34 | Queue | Monaspa |
| 35:36 | Queue | Monaspa |
| 35:54 | Queue | Monaspa |
| 36:10 | Queue | Monaspa |
| 36:10 | Queue | Monaspa |
| 36:54 | Queue | Villager (Male) |
Build order — Branči
First 150 of 194 actions detected
| 0:01 | Queue | Villager (Male) |
| 0:01 | Queue | Villager (Male) |
| 0:04 | Build | House |
| 0:05 | Build | House |
| 0:56 | Queue | Villager (Male) |
| 0:56 | Queue | Villager (Male) |
| 1:29 | Build | Mule Cart |
| 1:44 | Queue | Villager (Male) |
| 1:45 | Queue | Villager (Male) |
| 2:09 | Queue | Villager (Male) |
| 2:27 | Queue | Villager (Male) |
| 2:28 | Queue | Villager (Male) |
| 3:05 | Queue | Villager (Male) |
| 3:05 | Queue | Villager (Male) |
| 3:30 | Queue | Villager (Male) |
| 3:31 | Queue | Villager (Male) |
| 3:40 | Build | Mill |
| 4:07 | Queue | Villager (Male) |
| 4:07 | Queue | Villager (Male) |
| 4:18 | Queue | Villager (Male) |
| 4:18 | Queue | Villager (Male) |
| 4:47 | Build | House |
| 5:00 | Queue | Villager (Male) |
| 5:06 | Queue | Villager (Male) |
| 5:17 | Build | House |
| 5:45 | Queue | Villager (Male) |
| 5:45 | Queue | Villager (Male) |
| 6:00 | Queue | Villager (Male) |
| 6:32 | Queue | Villager (Male) |
| 6:32 | Queue | Villager (Male) |
| 7:00 | Queue | Villager (Male) |
| 7:41 | Build | Barracks |
| 8:00 | Queue | Villager (Male) |
| 8:01 | Queue | Villager (Male) |
| 8:38 | Research | Feudal Age |
| 8:50 | Queue | Militia |
| 8:51 | Queue | Militia |
| 9:13 | Queue | Militia |
| 9:13 | Queue | Militia |
| 9:27 | Queue | Militia |
| 9:31 | Build | House |
| 9:45 | Queue | Militia |
| 10:00 | Build | House |
| 10:10 | Queue | Militia |
| 10:48 | Age | Feudal Age |
| 10:51 | Queue | Villager (Male) |
| 10:51 | Queue | Villager (Male) |
| 10:57 | Build | Blacksmith |
| 11:00 | Research | Man-at-Arms (upgrade) |
| 11:14 | Build | House |
| 11:17 | Build | Palisade Wall |
| 11:35 | Research | Loom |
| 11:48 | Research | Long Swordsman (upgrade) |
| 12:21 | Queue | Militia |
| 12:22 | Queue | Militia |
| 12:55 | Queue | Spearman |
| 12:56 | Queue | Spearman |
| 13:58 | Queue | Villager (Male) |
| 13:58 | Queue | Villager (Male) |
| 14:20 | Queue | Villager (Male) |
| 14:20 | Queue | Villager (Male) |
| 14:25 | Build | Farm |
| 14:25 | Build | Farm |
| 14:36 | Build | Farm |
| 14:44 | Build | Mule Cart |
| 14:56 | Build | Palisade Wall |
| 15:15 | Queue | Militia |
| 15:16 | Queue | Militia |
| 15:24 | Build | Farm |
| 15:30 | Build | Farm |
| 15:40 | Queue | Villager (Male) |
| 15:48 | Build | Farm |
| 15:57 | Queue | Villager (Male) |
| 16:08 | Build | Farm |
| 16:12 | Build | Farm |
| 16:15 | Build | Farm |
| 16:37 | Research | Arson |
| 16:40 | Build | Farm |
| 17:08 | Queue | Villager (Male) |
| 17:09 | Queue | Villager (Male) |
| 17:12 | Queue | Militia |
| 17:31 | Build | Farm |
| 17:38 | Queue | Villager (Male) |
| 17:55 | Build | Farm |
| 17:56 | Research | Horse Collar |
| 18:20 | Build | Watch Tower |
| 18:29 | Queue | Villager (Male) |
| 18:29 | Queue | Villager (Male) |
| 18:35 | Build | Farm |
| 18:54 | Queue | Villager (Male) |
| 19:07 | Build | Watch Tower |
| 19:12 | Research | Fletching |
| 19:16 | Build | Farm |
| 19:30 | Queue | Villager (Male) |
| 19:37 | Build | House |
| 19:46 | Build | House |
| 19:55 | Build | Farm |
| 20:29 | Build | Farm |
| 20:30 | Queue | Villager (Male) |
| 20:30 | Queue | Villager (Male) |
| 20:32 | Build | Farm |
| 21:04 | Research | Forging |
| 21:14 | Queue | Villager (Male) |
| 21:14 | Queue | Villager (Male) |
| 21:22 | Queue | Villager (Male) |
| 21:38 | Build | Farm |
| 21:38 | Build | Farm |
| 21:42 | Research | Double-Bit Axe |
| 21:56 | Queue | Militia |
| 21:56 | Queue | Militia |
| 22:09 | Build | Farm |
| 22:18 | Build | Mule Cart |
| 22:32 | Build | Farm |
| 22:36 | Queue | Villager (Male) |
| 22:47 | Build | Farm |
| 23:15 | Build | Stone Wall |
| 23:19 | Build | House |
| 23:21 | Build | House |
| 23:22 | Build | House |
| 23:26 | Build | Farm |
| 23:27 | Queue | Villager (Male) |
| 23:27 | Queue | Villager (Male) |
| 24:24 | Queue | Villager (Male) |
| 24:25 | Queue | Villager (Male) |
| 24:28 | Build | Farm |
| 25:06 | Queue | Villager (Male) |
| 25:06 | Queue | Villager (Male) |
| 25:28 | Build | Watch Tower |
| 25:38 | Queue | Villager (Male) |
| 25:38 | Queue | Villager (Male) |
| 25:46 | Queue | Militia |
| 25:46 | Queue | Militia |
| 25:46 | Queue | Militia |
| 25:47 | Queue | Militia |
| 26:07 | Build | Market |
| 26:15 | Build | House |
| 26:39 | Build | Farm |
| 26:42 | Research | Castle Age |
| 26:50 | Build | Mule Cart |
| 27:13 | Research | Gold Mining |
| 27:17 | Queue | Militia |
| 27:17 | Queue | Militia |
| 27:17 | Queue | Militia |
| 27:28 | Build | Barracks |
| 27:37 | Research | Scale Mail Armor |
| 28:15 | Build | Farm |
| 28:15 | Build | Farm |
| 28:22 | Queue | Militia |
| 28:22 | Queue | Militia |
| 29:18 | Queue | Militia |
Match timeline
| 7:41 | Branči · first_building Barracks |
| 7:59 | ELEG VACASADA · first_building Barracks |
| 8:41 | ELEG VACASADA · age_up feudal |
| 8:59 | ELEG VACASADA · first_building Stable |
| 10:36 | ELEG VACASADA · wall_segment Palisade Wall x1 |
| 10:48 | Branči · age_up feudal |
| 11:17 | Branči · wall_segment Palisade Wall x4 |
| 13:10 | ELEG VACASADA · wall_segment Palisade Wall x7 |
| 14:56 | Branči · wall_segment Palisade Wall x1 |
| 17:57 | ELEG VACASADA · wall_segment Palisade Wall x1 |
| 17:58 | ELEG VACASADA · wall_segment Palisade Wall x1 |
| 19:30 | ELEG VACASADA · wall_segment Stone Wall x7 |
| 20:22 | ELEG VACASADA · first_building Archery Range |
| 20:56 | ELEG VACASADA · wall_segment Palisade Wall x1 |
| 21:03 | ELEG VACASADA · wall_segment Palisade Wall x8 |
| 23:15 | Branči · wall_segment Stone Wall x11 |
| 23:55 | ELEG VACASADA · wall_segment Palisade Wall x1 |
| 23:58 | ELEG VACASADA · wall_segment Palisade Wall x1 |
| 24:00 | ELEG VACASADA · wall_segment Palisade Wall x1 |
| 24:01 | ELEG VACASADA · wall_segment Palisade Wall x1 |
| 25:28 | ELEG VACASADA · first_market_buy 100 food |
| 28:09 | ELEG VACASADA · age_up castle |
| 28:20 | ELEG VACASADA · wall_segment Stone Wall x1 |
| 29:22 | Branči · age_up castle |
| 29:29 | ELEG VACASADA · first_building Castle |
| 31:00 | Branči · first_market_buy 100 stone |
| 31:55 | ELEG VACASADA · wall_segment Palisade Wall x1 |
| 31:57 | ELEG VACASADA · wall_segment Palisade Wall x1 |
| 31:58 | ELEG VACASADA · wall_segment Palisade Wall x1 |
| 32:01 | ELEG VACASADA · wall_segment Palisade Wall x1 |
| 32:03 | ELEG VACASADA · wall_segment Palisade Wall x1 |
| 32:05 | ELEG VACASADA · wall_segment Palisade Wall x1 |
| 32:07 | ELEG VACASADA · wall_segment Palisade Wall x1 |
| 32:14 | ELEG VACASADA · wall_segment Palisade Wall x1 |
| 32:29 | Branči · first_building Siege Workshop |
| 33:06 | ELEG VACASADA · wall_segment Stone Wall x1 |
| 33:43 | ELEG VACASADA · first_building Siege Workshop |
| 37:29 | ELEG VACASADA · resign |
[ AI ANALYSIS · 1 CREDIT ]
What really happened in this match?
Wolo.gg analyzes every decision: build order, eco, micro, common mistakes by bracket. Personalized analysis on WhatsApp or Discord in 30 seconds.
Civ guide
Georgians
Perfil
ELEG VACASADA